APP
KINGSPORT METS @ WASHINGTON (APP) NATIONALS
08/14/2046
 
TOP OF THE 1ST
Kingsport Mets batting - Pitching for Washington (APP) Nationals : RHP Danny Clarke
Pitching: RHP Danny Clarke
Batting: SHB Tyler Maddux 0-0: Ball
1-0: Ball
2-0: Ball
3-0: Base on Balls
Batting: RHB Andy Carrell 0-0: Called Strike
0-1: Ball
1-1: Called Strike
1-2: Ball
2-2: Fly out, F8 (Flyball, 8RM, EV 79.4 MPH)
Batting: LHB Dan Bremseth 0-0: Ball
Tyler Maddux steals 2nd base
1-0: Swinging Strike
1-1: Ball
2-1: Ground out 4-3 (Groundball, 4, EV 83.1 MPH)
Tyler Maddux to third
Batting: LHB Miguel Ramos 0-0: Ball
1-0: Called Strike
1-1: Foul Ball, location: 2F
1-2: Ball
2-2: Ball
3-2: Base on Balls
Batting: SHB Nick Daigle 0-0: Called Strike
0-1: Swinging Strike
0-2: SINGLE (Line Drive, 7S, EV 87.5 MPH)
Tyler Maddux scores
Miguel Ramos to second
Batting: LHB Matt Baker 0-0: Called Strike
0-1: Called Strike
0-2: Ball
1-2: Strikes out swinging
Top of the 1st over - 1 run, 1 hit, 0 errors, 2 left on base; Kingsport 1 - Washington (APP) 0
BOTTOM OF THE 1ST
Washington (APP) Nationals batting - Pitching for Kingsport Mets : RHP Raymundo Pato
Pitching: RHP Raymundo Pato
Batting: RHB Justin Van Houten 0-0: Swinging Strike
0-1: Ball
1-1: Called Strike
1-2: Ball
2-2: Strikes out swinging
Batting: RHB Tylor Cyr 0-0: Fly out, F8 (Flyball, 89S, EV 90.6 MPH)
Batting: LHB Chance McWilliams 0-0: Called Strike
0-1: Fly out, F8 (Line Drive, 8RXD, EV 86.2 MPH)
Bottom of the 1st over - 0 runs, 0 hits, 0 errors, 0 left on base; Kingsport 1 - Washington (APP) 0
TOP OF THE 2ND
Kingsport Mets batting - Pitching for Washington (APP) Nationals : RHP Danny Clarke
Batting: RHB Chris Graham 0-0: Called Strike
0-1: Ball
1-1: Ball
2-1: Ball
3-1: Base on Balls
Batting: RHB Roberto Delgado 0-0: Ball
Chris Graham steals 2nd base
1-0: Ball
2-0: Ball
3-0: Base on Balls
Batting: RHB Danny Runberg 0-0: Swinging Strike
0-1: SINGLE (Line Drive, 7S, EV 97.5 MPH)
Chris Graham to third
Roberto Delgado to second
Batting: SHB Tyler Maddux 0-0: Called Strike
0-1: Foul Ball, location: 2F
0-2: Ball
1-2: Foul Ball, location: 2F
1-2: GRAND SLAM HOME RUN (Flyball, 9LD, EV 91.2 MPH), Distance : 327 ft
Batting: RHB Andy Carrell 0-0: Ball
1-0: Foul Ball, location: 2F
1-1: Swinging Strike
1-2: Ball
2-2: Ball
3-2: Foul Ball, location: 2F
3-2: Base on Balls
Batting: LHB Dan Bremseth 0-0: Ball
1-0: Foul Ball, location: 2F
1-1: Swinging Strike
1-2: Ball
2-2: Foul Ball, location: 2F
2-2: Fly out, F6 (Popup, 4MS, EV 80.6 MPH)
Batting: LHB Miguel Ramos 0-0: Swinging Strike
0-1: Foul Ball, location: 2F
0-2: Strikes out swinging
Batting: SHB Nick Daigle 0-0: Ball
1-0: Called Strike
1-1: Foul Ball, location: 2F
1-2: Ground out 4-3 (Groundball, 13, EV 88.8 MPH)
Top of the 2nd over - 4 runs, 2 hits, 0 errors, 1 left on base; Kingsport 5 - Washington (APP) 0
BOTTOM OF THE 2ND
Washington (APP) Nationals batting - Pitching for Kingsport Mets : RHP Raymundo Pato
Batting: RHB Antonio Laurel 0-0: Ball
1-0: Foul Ball, location: 2F
1-1: Swinging Strike
1-2: Ball
2-2: Ball
3-2: Strikes out swinging
Batting: RHB Lamar Thornton 0-0: Called Strike
0-1: Ball
1-1: Called Strike
1-2: Strikes out swinging
Batting: RHB Jelexiz Cuenca 0-0: Foul Ball, location: 2F
0-1: Hit by Pitch
Batting: LHB Jim Weidman 0-0: Called Strike
0-1: Ball
1-1: Ball
2-1: Ball
Passed Ball!
Jelexiz Cuenca to second
3-1: Base on Balls
Batting: RHB Jason Ewert 0-0: Fielders Choice at 2nd, 6-4 (Groundball, 6, EV 103.1 MPH)
Bottom of the 2nd over - 0 runs, 0 hits, 0 errors, 2 left on base; Kingsport 5 - Washington (APP) 0
TOP OF THE 3RD
Kingsport Mets batting - Pitching for Washington (APP) Nationals : RHP Danny Clarke
Batting: LHB Matt Baker 0-0: Ball
1-0: Ball
2-0: Called Strike
2-1: Foul Ball, location: 2F
2-2: Ball
3-2: Foul Ball, location: 2F
3-2: Strikes out looking
Batting: RHB Chris Graham 0-0: Called Strike
0-1: Called Strike
0-2: Ground out 5-3 (Groundball, 56, EV 109.4 MPH)
Batting: RHB Roberto Delgado 0-0: Ball
1-0: Swinging Strike
1-1: Ball
2-1: Foul Ball, location: 2F
2-2: DOUBLE (Line Drive, 5D, EV 106.2 MPH)
Pitching: RHP Cheng-ho Tai
Batting: RHB Danny Runberg 0-0: Ball
1-0: Ball
2-0: Ball
3-0: Base on Balls
Batting: SHB Tyler Maddux 0-0: Ball
1-0: Foul Ball, location: 2F
1-1: Foul Ball, location: 2F
1-2: Ground out 4-3 (Groundball, 4, EV 83.1 MPH)
Top of the 3rd over - 0 runs, 1 hit, 0 errors, 2 left on base; Kingsport 5 - Washington (APP) 0
BOTTOM OF THE 3RD
Washington (APP) Nationals batting - Pitching for Kingsport Mets : RHP Raymundo Pato
Batting: RHB Danny Juarez 0-0: Ball
1-0: Called Strike
1-1: Foul Ball, location: 2F
1-2: Strikes out looking
Batting: RHB Justin Van Houten 0-0: Ball
1-0: Fly out, F8 (Flyball, 8RD, EV 95.6 MPH)
Batting: RHB Tylor Cyr 0-0: Ball
1-0: Foul Ball, location: 2F
1-1: Foul Ball, location: 2F
1-2: Foul Ball, location: 2F
1-2: Foul Ball, location: 2F
1-2: Foul Ball, location: 2F
1-2: Ground out 5-3 (Groundball, 5D, EV 103.8 MPH)
Bottom of the 3rd over - 0 runs, 0 hits, 0 errors, 0 left on base; Kingsport 5 - Washington (APP) 0
TOP OF THE 4TH
Kingsport Mets batting - Pitching for Washington (APP) Nationals : RHP Cheng-ho Tai
Batting: RHB Andy Carrell 0-0: SINGLE (Groundball, 56D, EV 103.8 MPH)
Batting: LHB Dan Bremseth 0-0: Ball
1-0: Ball
2-0: Foul Ball, location: 2F
2-1: Called Strike
2-2: Ball
3-2: Foul Ball, location: 2F
3-2: Foul Ball, location: 2F
3-2: Base on Balls
Andy Carrell to second
Batting: LHB Miguel Ramos 0-0: Called Strike
0-1: Ball
1-1: Ball
2-1: Swinging Strike
Passed Ball!
Andy Carrell to third
Dan Bremseth to second
2-2: Strikes out looking
Pitching: LHP Willie Rivera
Batting: SHB Nick Daigle 0-0: SINGLE (Groundball, P, EV 85.6 MPH) (infield hit)
Andy Carrell scores
Dan Bremseth to third
Batting: LHB Matt Baker 0-0: Called Strike
0-1: Called Strike
0-2: Ball
Wild Pitch!
Dan Bremseth scores
Nick Daigle to second
1-2: Hit by Pitch
Batting: RHB Chris Graham 0-0: Ball
1-0: Ball
2-0: Ball
3-0: Called Strike
3-1: Swinging Strike
3-2: Fly out, F8 (Flyball, 89D, EV 108.8 MPH)
Batting: RHB Roberto Delgado 0-0: Swinging Strike
0-1: Ball
1-1: Swinging Strike
1-2: Ground out 5-3 (Groundball, 56S, EV 60.6 MPH)
Top of the 4th over - 2 runs, 2 hits, 0 errors, 2 left on base; Kingsport 7 - Washington (APP) 0
BOTTOM OF THE 4TH
Washington (APP) Nationals batting - Pitching for Kingsport Mets : RHP Raymundo Pato
Batting: LHB Chance McWilliams 0-0: Foul Ball, location: 2F
0-1: Ball
1-1: Ball
2-1: Called Strike
2-2: Foul Ball, location: 2F
2-2: Ball
3-2: Strikes out looking
Batting: RHB Antonio Laurel 0-0: Called Strike
0-1: Foul Ball, location: 2F
0-2: Foul Ball, location: 2F
0-2: Ground out 6-3 (Groundball, 6, EV 90.0 MPH)
Batting: RHB Lamar Thornton 0-0: Ball
1-0: Swinging Strike
1-1: Foul Ball, location: 2F
1-2: Strikes out looking
Bottom of the 4th over - 0 runs, 0 hits, 0 errors, 0 left on base; Kingsport 7 - Washington (APP) 0
TOP OF THE 5TH
Kingsport Mets batting - Pitching for Washington (APP) Nationals : LHP Willie Rivera
Batting: RHB Danny Runberg 0-0: SOLO HOME RUN (Flyball, 9LD, EV 98.8 MPH), Distance : 344 ft
Batting: SHB Tyler Maddux 0-0: Called Strike
0-1: Ball
1-1: Called Strike
1-2: Ball
2-2: Foul Ball, location: 2F
2-2: Ground out U3 (Groundball, 34, EV 105.6 MPH)
Batting: RHB Andy Carrell 0-0: SINGLE (Line Drive, 6MD, EV 96.9 MPH)
Batting: LHB Dan Bremseth 0-0: Called Strike
0-1: Ball
1-1: Swinging Strike
1-2: Ball
2-2: Strikes out looking
Pitching: RHP Ramiro Ramirez
Batting: LHB Miguel Ramos 0-0: Ball
1-0: Ball
2-0: Called Strike
2-1: Ball
3-1: Base on Balls
Andy Carrell to second
Batting: SHB Nick Daigle 0-0: 3-RUN HOME RUN (Flyball, 89XD, EV 101.2 MPH), Distance : 406 ft
Batting: LHB Matt Baker 0-0: Ball
1-0: Ground out 6-3 (Groundball, 6M, EV 106.9 MPH)
Top of the 5th over - 4 runs, 3 hits, 0 errors, 0 left on base; Kingsport 11 - Washington (APP) 0
BOTTOM OF THE 5TH
Washington (APP) Nationals batting - Pitching for Kingsport Mets : RHP Raymundo Pato
Batting: RHB Jelexiz Cuenca 0-0: Foul Ball, location: 2F
0-1: Ground out 4-3 (Groundball, 4, EV 84.4 MPH)
Batting: LHB Jim Weidman 0-0: Swinging Strike
0-1: Called Strike
0-2: Ball
1-2: Ball
2-2: SINGLE (Line Drive, 6D, EV 98.1 MPH)
Batting: RHB Jason Ewert 0-0: Ball
1-0: Ball
Passed Ball!
Jim Weidman to second
2-0: Ball
3-0: Base on Balls
Batting: RHB Danny Juarez 0-0: Bunted foul
0-1: Sac Bunt to 15 - play at first, batter OUT! 1-4
Jim Weidman to third
Jason Ewert to second
Batting: RHB Justin Van Houten 0-0: Called Strike
0-1: Foul Ball, location: 2F
0-2: Ball
Passed Ball!
Jim Weidman scores
Jason Ewert to third
1-2: Ball
Passed Ball!
Jason Ewert scores
2-2: Strikes out looking
Bottom of the 5th over - 2 runs, 1 hit, 0 errors, 0 left on base; Kingsport 11 - Washington (APP) 2
TOP OF THE 6TH
Kingsport Mets batting - Pitching for Washington (APP) Nationals : RHP Ramiro Ramirez
Batting: RHB Chris Graham 0-0: Ground out 5-3 (Groundball, 56S, EV 90.6 MPH)
Batting: RHB Roberto Delgado 0-0: Ball
1-0: Ball
2-0: Ball
3-0: Swinging Strike
3-1: Foul Ball, location: 2F
3-2: Foul Ball, location: 2F
3-2: Fly out, F9 (Flyball, 89M, EV 88.8 MPH)
Batting: RHB Danny Runberg 0-0: Called Strike
0-1: Ball
1-1: Ball
2-1: Swinging Strike
2-2: Ball
3-2: Strikes out looking
Top of the 6th over - 0 runs, 0 hits, 0 errors, 0 left on base; Kingsport 11 - Washington (APP) 2
BOTTOM OF THE 6TH
Washington (APP) Nationals batting - Pitching for Kingsport Mets : RHP Raymundo Pato
Batting: RHB Tylor Cyr 0-0: Foul Ball, location: 2F
0-1: SINGLE (Line Drive, 78S, EV 91.2 MPH)
Batting: LHB Chance McWilliams 0-0: Ball
Tylor Cyr is caught stealing 2nd base 2-6
1-0: Ball
2-0: Foul Ball, location: 2F
2-1: Foul Ball, location: 2F
2-2: Foul Ball, location: 2F
2-2: Ball
3-2: Foul Ball, location: 2F
3-2: Strikes out swinging
Batting: RHB Antonio Laurel 0-0: Called Strike
0-1: SINGLE (Line Drive, 8RS, EV 112.5 MPH)
Batting: RHB Lamar Thornton 0-0: Ball
Wild Pitch!
Antonio Laurel to second
1-0: Foul Ball, location: 2F
1-1: Ball
Passed Ball!
Antonio Laurel to third
2-1: Ball
3-1: Base on Balls
Batting: RHB Jelexiz Cuenca 0-0: Ball
1-0: Ball
Passed Ball!
Antonio Laurel scores
Lamar Thornton to second
2-0: Foul Ball, location: 2F
2-1: Fly out, F9 (Line Drive, 9S, EV 85.0 MPH)
Bottom of the 6th over - 1 run, 2 hits, 0 errors, 1 left on base; Kingsport 11 - Washington (APP) 3
TOP OF THE 7TH
Kingsport Mets batting - Pitching for Washington (APP) Nationals : RHP Ramiro Ramirez
Pitching: RHP Manny Mendoza
Batting: SHB Tyler Maddux 0-0: Ball
1-0: Called Strike
1-1: Ball
2-1: Ball
3-1: Swinging Strike
3-2: Strikes out swinging
Batting: RHB Andy Carrell 0-0: Called Strike
0-1: Foul Ball, location: 2F
0-2: SINGLE (Line Drive, 9S, EV 92.5 MPH)
Batting: LHB Dan Bremseth 0-0: Ball
1-0: Called Strike
1-1: Foul Ball, location: 2F
1-2: Ball
2-2: Foul Ball, location: 2F
2-2: Ground out 6-3 (Groundball, 6M, EV 87.5 MPH)
Andy Carrell to second
Batting: LHB Miguel Ramos 0-0: Ball
1-0: DOUBLE (Line Drive, 89D, EV 110.0 MPH)
Andy Carrell scores
Batting: SHB Nick Daigle 0-0: Called Strike
0-1: Swinging Strike
0-2: Reached on error, E1 (Groundball, 15S, EV 70.0 MPH)
Miguel Ramos scores
Pitching: LHP Mike Rosas
Batting: LHB Matt Baker 0-0: Swinging Strike
0-1: Called Strike
0-2: Ball
1-2: Strikes out swinging
Top of the 7th over - 2 runs, 2 hits, 1 error, 1 left on base; Kingsport 13 - Washington (APP) 3
BOTTOM OF THE 7TH
Washington (APP) Nationals batting - Pitching for Kingsport Mets : RHP Raymundo Pato
Batting: LHB Jim Weidman 0-0: Foul Ball, location: 2F
0-1: Ball
1-1: Foul Ball, location: 2F
1-2: Ball
2-2: Strikes out swinging
Batting: RHB Jason Ewert 0-0: Ball
1-0: Called Strike
1-1: Called Strike
1-2: Strikes out swinging
Batting: RHB Danny Juarez 0-0: Ball
1-0: Ball
2-0: Called Strike
2-1: Foul Ball, location: 2F
2-2: Strikes out swinging
Bottom of the 7th over - 0 runs, 0 hits, 0 errors, 0 left on base; Kingsport 13 - Washington (APP) 3
TOP OF THE 8TH
Kingsport Mets batting - Pitching for Washington (APP) Nationals : LHP Mike Rosas
Batting: RHB Chris Graham 0-0: Foul Ball, location: 2F
0-1: Swinging Strike
0-2: Ball
1-2: SOLO HOME RUN (Flyball, 8LXD, EV 108.8 MPH), Distance : 446 ft
Batting: RHB Roberto Delgado 0-0: Ball
1-0: SINGLE (Flyball, 8RS, EV 98.1 MPH)
Batting: RHB Danny Runberg 0-0: 2-RUN HOME RUN (Flyball, 7LD, EV 94.4 MPH), Distance : 364 ft
Batting: SHB Tyler Maddux 0-0: Called Strike
0-1: Ball
1-1: Swinging Strike
1-2: Ball
2-2: Ball
3-2: Base on Balls
Batting: RHB Andy Carrell 0-0: 2-RUN HOME RUN (Flyball, 89XD, EV 103.1 MPH), Distance : 400 ft
Pitching: RHP Omar Perez
Batting: LHB Dan Bremseth 0-0: Ball
1-0: Ball
2-0: Called Strike
2-1: Ball
3-1: Fly out, F9 (Flyball, 9D, EV 93.1 MPH)
Batting: LHB Miguel Ramos 0-0: Swinging Strike
0-1: Ball
1-1: Foul Ball, location: 2F
1-2: Ball
2-2: Ball
3-2: Base on Balls
Batting: SHB Nick Daigle 0-0: Ball
1-0: Ball
2-0: Ball
3-0: Called Strike
3-1: SINGLE (Groundball, 4M, EV 83.8 MPH) (infield hit)
Miguel Ramos to second
Batting: LHB Matt Baker 0-0: Called Strike
0-1: DOUBLE (Line Drive, 78D, EV 110.0 MPH)
Miguel Ramos scores
Nick Daigle to third
Pitching: RHP Matt Norris
Batting: RHB Chris Graham 0-0: Ball
1-0: Ball
Wild Pitch!
Nick Daigle scores
Matt Baker to third
2-0: Foul Ball, location: 2F
2-1: Ground out 4-3 (Groundball, 4M, EV 100.6 MPH)
Matt Baker scores
Batting: RHB Roberto Delgado 0-0: Called Strike
0-1: DOUBLE (Groundball, 5L, EV 108.1 MPH)
Batting: RHB Danny Runberg 0-0: Called Strike
0-1: Fly out, F6 (Popup, 6M, EV 58.8 MPH)
Top of the 8th over - 8 runs, 7 hits, 0 errors, 1 left on base; Kingsport 21 - Washington (APP) 3
BOTTOM OF THE 8TH
Washington (APP) Nationals batting - Pitching for Kingsport Mets : RHP Raymundo Pato
Pitching: LHP Matt Allert
Batting: RHB Justin Van Houten 0-0: Swinging Strike
0-1: Ball
1-1: Foul Ball, location: 2F
1-2: Foul Ball, location: 2F
1-2: Strikes out swinging
Batting: RHB Tylor Cyr 0-0: Ball
1-0: Foul Ball, location: 2F
1-1: Called Strike
1-2: Strikes out swinging
Batting: LHB Chance McWilliams 0-0: Foul Ball, location: 2F
0-1: Called Strike
0-2: Strikes out swinging
Bottom of the 8th over - 0 runs, 0 hits, 0 errors, 0 left on base; Kingsport 21 - Washington (APP) 3
TOP OF THE 9TH
Kingsport Mets batting - Pitching for Washington (APP) Nationals : RHP Matt Norris
Batting: SHB Tyler Maddux 0-0: Swinging Strike
0-1: Ball
1-1: Foul Ball, location: 2F
1-2: SINGLE (Groundball, 6MD, EV 105.6 MPH)
Batting: RHB Andy Carrell 0-0: Ball
1-0: Called Strike
1-1: Ball
2-1: Ball
3-1: Swinging Strike
3-2: Foul Ball, location: 2F
3-2: Base on Balls
Tyler Maddux to second
Pitching: RHP Halewijn Bos
Batting: LHB Dan Bremseth 0-0: Called Strike
0-1: Called Strike
0-2: Foul Ball, location: 2F
0-2: Ball
1-2: Foul Ball, location: 2F
1-2: Ball
2-2: 3-RUN HOME RUN (Flyball, 89XD, EV 103.1 MPH), Distance : 409 ft
Batting: LHB Miguel Ramos 0-0: Ball
1-0: Called Strike
1-1: Fly out, F7 (Flyball, 78M, EV 93.1 MPH)
Batting: SHB Nick Daigle 0-0: Called Strike
0-1: Foul Ball, location: 2F
0-2: Ball
1-2: Foul Ball, location: 2F
1-2: Strikes out swinging
Batting: LHB Matt Baker 0-0: SINGLE (Flyball, 78S, EV 93.1 MPH)
Batting: RHB Chris Graham 0-0: Ball
1-0: Called Strike
1-1: Swinging Strike
1-2: Ball
2-2: Ball
3-2: Foul Ball, location: 2F
3-2: Base on Balls
Matt Baker to second
Pitching: RHP Michael Bastian
Batting: RHB Roberto Delgado 0-0: Ball
1-0: Called Strike
1-1: Swinging Strike
1-2: Foul Ball, location: 2F
1-2: Strikes out swinging
Top of the 9th over - 3 runs, 3 hits, 0 errors, 2 left on base; Kingsport 24 - Washington (APP) 3
BOTTOM OF THE 9TH
Washington (APP) Nationals batting - Pitching for Kingsport Mets : LHP Matt Allert
Batting: RHB Antonio Laurel 0-0: Called Strike
0-1: Fly out, F3 (Popup, 34, EV 59.4 MPH)
Batting: RHB Lamar Thornton 0-0: Ball
1-0: Foul Ball, location: 2F
1-1: Fly out, F8 (Line Drive, 8LD, EV 93.8 MPH)
Batting: RHB Jelexiz Cuenca 0-0: Ball
1-0: Swinging Strike
1-1: Foul Ball, location: 2F
1-2: Ball
2-2: Ball
3-2: Strikes out looking
Bottom of the 9th over - 0 runs, 0 hits, 0 errors, 0 left on base; Kingsport 24 - Washington (APP) 3
Tuesday, September 13th , 2022 - OOTP Baseball 23.7 Build 88